 Dungeon Crawl Stone Soup version 0.28-a0-750-g7c675f85b1 (webtiles) character file.

Game seed: 4550078016955848343

65 ytrimaz the Chopper (level 3, 0/29 HPs)
             Began as a Demonspawn Berserker on Oct 29, 2021.
             Was a Follower of Trog.
             Slain by an orc (7 damage)
             ... on level 2 of the Dungeon.
             The game lasted 00:01:47 (2009 turns).

ytrimaz the Chopper (Demonspawn Berserker)          Turns: 2009, Time: 00:01:48

Health: 0/29       AC:  2    Str: 18    XL:     3   Next: 92%
Magic:  3/3        EV: 12    Int:  8    God:    Trog [*.....]
Gold:   40         SH:  0    Dex: 12    Spells: 2/2 levels left

rFire   + . .      SeeInvis .   a - +0 hand axe
rCold   + . .      Faith    .   (no shield)
rNeg    . . .      Spirit   .   b - +0 animal skin
rPois   .          Reflect  .   (no helmet)
rElec   .          Harm     .   d - scarf {rC+ rF+}
rCorr   .          Rampage  .   (no gloves)
Will    .....                   (no boots)
Stlth   +.........              (no amulet)
HPRegen 0.09/turn               (no ring)
MPRegen 0.08/turn               (no ring)

@: no status effects
A: powered by death 2
a: Renounce Religion, Berserk


You were on level 2 of the Dungeon.
You worshipped Trog.
Trog was aware of your devotion.
You visited 1 branch of the dungeon, and saw 2 of its levels.

You collected 40 gold pieces.

Inventory:

Hand Weapons
 a - a +0 hand axe (weapon)
Armour
 b - a +0 animal skin (worn)
 d - a scarf of resistance (worn)
Wands
 c - a wand of iceblast (7)
Scrolls
 e - 2 scrolls of identify {unknown}
Potions
 f - a potion of lignification {unknown}


   Skills:
 + Level 3.4 Fighting
 + Level 3.5 Axes
 * Level 2.2 Armour
 * Level 2.3 Dodging


You had 2 spell levels left.
You didn't know any spells.
Your spell library was empty.

Dungeon Overview and Level Annotations

Branches:
Dungeon (2/15)

Altars:


Innate Abilities, Weirdness & Mutations

You regenerate health from kills.


Message History

An adder and an orc come into view.
The orc is wielding a +0 falchion and wearing a +2 leather armour of cold resistance.
The adder hisses angrily.
There are monsters nearby!
There are monsters nearby!
There are monsters nearby!
You're still recovering from your berserk rage.
You hit the adder but do no damage. The adder barely misses you.
The adder bites you.
You are poisoned.
The adder poisons you!
You hit the adder.
The adder is heavily wounded.
You hit the orc but do no damage.
You feel sick. The orc misses you. The adder bites you.
You are more poisoned.
The adder poisons you!
You hit the adder.
The adder is almost dead.
You hit the orc but do no damage.
You feel sick. The adder closely misses you. The orc closely misses you.
The adder bites you. The orc completely misses you.
You hit the adder.
You kill the adder!
Trog accepts your kill.
You hit the orc but do no damage.
You feel sick. The orc hits you with a +0 falchion.
You closely miss the orc.
You recover from your berserk rage.
You feel sick. The orc closely misses you.
You hit the orc but do no damage.
You feel sick. The orc misses you.
You hit the orc but do no damage.
You feel sick. The orc misses you.
You closely miss the orc.
You feel sick. The orc hits you with a +0 falchion.
* * * LOW HITPOINT WARNING * * *
You barely miss the orc.
You feel sick.
You are no longer poisoned.
The orc barely misses you.
You closely miss the orc. The orc closely misses you.
You hit the orc but do no damage. The orc closely misses you.
The orc hits you with a +0 falchion!
You die...

### ..# ..# ### ##
..# .# #..##..
'###.# .....
..##.# 8..8 #.##.#
#..# ...#.# #o†#
...#.# ########.@#
.#.#.# #......#..#
.#...###.####.#..#
.##........##.##'#
.)...#.....##....#
.##.>#.....##.####
....##.....##.#
....##.....##.#
....#########.#


You could see an orc.

Vanquished Creatures
  3 adders (D:2)
  A worm (D:2)
  7 ball pythons
  3 endoplasms (D:2)
  4 hobgoblins (D:1)
  2 quokkas
  A bat (D:1)
  2 frilled lizards
  5 goblins
  5 kobolds
  A rat (D:1)
34 creatures vanquished.

Notes
Turn   | Place    | Note
-------+----------+-------------------------------------------
     0 | D:1      | ytrimaz the Demonspawn Berserker began the quest for the
                  | Orb.
     0 | D:1      | Reached XP level 1. HP: 18/18 MP: 1/1
   345 | D:1      | Gained mutation: You regenerate a little health from kills.
                  | [demonic ancestry]
   345 | D:1      | Reached XP level 2. HP: 22/24 MP: 2/2
  1028 | D:1      | Found a faded altar of an unknown god.
  1530 | D:2      | Gained mutation: You regenerate health from kills. [demonic
                  | ancestry]
  1530 | D:2      | Reached XP level 3. HP: 21/29 MP: 3/3
  2009 | D:2      | Slain by an orc

Illustrated notes

Levels and vault maps discovered:
D:1:      erik_arrival_orb_chamber, layout_loops_ring,
          shapermc_ecumenical_altar_notcrosses, serial_rivers,
          chequers_serial_rivers_micro_a, chequers_serial_rivers_micro_c,
          chequers_serial_rivers_micro_b, chequers_serial_rivers_large_a,
          chequers_serial_rivers_room_b, chequers_serial_rivers_small_a
D:2:      minmay_chambers_of_twos, layout_basic, basic_altar,
          minmay_close_crescents, uniq_robin

Skill      XL: |  1  2 |
---------------+-------+-----
Armour         | 2 |  2.2
Dodging        | 2 |  2.3
Axes           | 3 |  3.5
Fighting       | |  3.4

Action                   || total
-------------------------++-------
Melee: Hand axe          ||    98
Invok: Berserk           ||     3
  Use: Scroll            ||     1
       Potion            ||     1
Armor: Animal skin       ||    14
Dodge: Dodged            ||    67

Table legend: (Time is in decaauts)
 A = Elapsed time spent in this place.
 B = Non-inter-level travel time spent in this place.
 C = Inter-level travel time spent in this place.
 D = Time resting spent in this place.
 E = Time spent auto-exploring this place.
 F = Levels seen in this place.
 G = Mean time per level.
                   A        B        C        D        E       F      G
               +--------+--------+--------+--------+--------+-----+--------+
         Total |   2073 |   2051 |     22 |    552 |   1186 |   2 | 1036.5 |
       Dungeon |   2073 |   2051 |     22 |    552 |   1186 |   2 | 1036.5 |
               +--------+--------+--------+--------+--------+-----+--------+

Top non-repeatable levels by time:
     D:1: 1269 daAuts
     D:2: 804 daAuts
